 Dungeon Crawl Stone Soup version 0.25-a0-804-g50c693f418 (webtiles) character file.

Game seed: 4837044832203539386, levelgen mode: deterministic

46 tilp the Bolt Thrower (level 3, 0/20 HPs)
             Began as a Kobold Arcane Marksman on Apr 19, 2020.
             Slain by an adder (3 damage)
             ... on level 2 of the Dungeon.
             The game lasted 00:04:20 (1772 turns).

tilp the Bolt Thrower (Kobold Arcane Marksman)      Turns: 1772, Time: 00:04:20

Health: 0/20       AC:  3    Str:  8    XL:     3   Next: 95%
Magic:  2/4        EV: 14    Int: 14    God:
Gold:   36         SH:  0    Dex: 15    Spells: 1/4 levels left

rFire    . . .     SeeInvis .   b - +1 short sword (speed)
rCold    . . .     Gourm    .   (shield restricted)
rNeg     . . .     Faith    .   l - +0 leather armour
rPois    .         Spirit   .   (no helmet)
rElec    .         Reflect  .   (no cloak)
rCorr    .         Harm     .   (no gloves)
MR       .....                  (no boots)
Stlth    +.........             (no amulet)
HPRegen  0.06/turn              (no ring)
MPRegen  0.09/turn              (no ring)

@: very slightly contaminated
A: small, carnivore
a: no special abilities


You were on level 2 of the Dungeon.
You were completely stuffed.

You visited 1 branch of the dungeon, and saw 2 of its levels.

You collected 36 gold pieces.

Inventory:

Hand Weapons
 a - a +0 hand crossbow
 b - a +1 short sword of speed (weapon)
 j - a +0 club
Missiles
 d - 12 bolts
 p - 6 poisoned darts (quivered)
Armour
 l - a +0 leather armour (worn)
Jewellery
 k - a +4 ring of protection {unknown}
Scrolls
 e - a scroll of remove curse {unknown}
 h - a scroll of identify
 m - a scroll of blinking
 o - a scroll of teleportation {unknown}
Potions
 f - a potion of heal wounds
 i - a potion of invisibility {unknown}
 n - 2 potions of might
Comestibles
 c - a ration
 g - 4 chunks of flesh


   Skills:
 - Level 1.1 Fighting
 + Level 4.8 Crossbows
 - Level 2.4 Dodging
 - Level 1.1 Spellcasting
 - Level 3.0 Hexes


You had one spell level left.
You knew the following spells:

 Your Spells              Type           Power        Failure   Level  Hunger
a - Corona                Hex            #......      11%         1    ##.....
b - Slow                  Hex            #.......     17%         2    ###....

Your spell library contained the following spells:

 Spells                   Type           Power        Failure   Level  Hunger
 Inner Flame              Hex/Fire       #.......     52%         3    ####...
 Portal Projectile        Hex/Tloc       #.....       52%         3    ####...
 Cause Fear               Hex            #.........   73%         4    #####..
 Leda's Liquefaction      Hex/Erth       #.........   90%         4    #####..


Dungeon Overview and Level Annotations

Branches:
Dungeon (2/15)

Altars:


Innate Abilities, Weirdness & Mutations

You are small and have problems with some larger weapons.
You are carnivorous and can eat meat at any time.


Message History

You hit the jackal.
The jackal is moderately wounded.
The jackal bites you but does no damage.
You barely miss the jackal.
The jackal is almost dead.
The jackal bites you.
* * * LOW HITPOINT WARNING * * *
You closely miss the jackal.
The jackal is almost dead.
You kill the jackal!
Throwing (i - inventory)
p - 7 poisoned darts (quivered)
Press: ? - help, Shift-Dir - straight line, f/p - adder
Aim: an adder You throw a poisoned dart.
The poisoned dart hits the adder.
The adder is poisoned.
The adder barely misses you. The adder bites you.
* * * LOW HITPOINT WARNING * * *
You miss the adder.
The adder is lightly wounded.
The adder bites you.
You die...

## . # . .# #.#^
#.#. ...
#.####.#####
..(...)(S@.#
h......###.#
#.##### #.#
#.########.#
........##.####.#
#...............#
.#####.#.#######
#.#.# #.#.#


You could see an adder.

Vanquished Creatures
  An ooze (D:1)
  A dart slug (D:1)
  2 leopard geckos
  3 bats (D:1)
  A giant cockroach (D:1)
  3 goblins
  7 hobgoblins (D:1)
  4 jackals (D:2)
  3 kobolds (D:1)
  4 ball pythons
  2 frilled lizards (D:1)
  3 rats (D:1)
34 creatures vanquished.

Notes
Turn   | Place    | Note
-------+----------+-------------------------------------------
     0 | D:1      | tilp the Kobold Arcane Marksman began the quest for the
                  | Orb.
     0 | D:1      | Reached XP level 1. HP: 12/12 MP: 2/2
   324 | D:1      | Reached skill level 3 in Crossbows
   327 | D:1      | Reached XP level 2. HP: 16/16 MP: 3/3
   331 | D:1      | Learned a level 2 spell: Slow
   516 | D:1      | Reached skill level 4 in Crossbows
   516 | D:1      | Reached XP level 3. HP: 20/20 MP: 2/4
  1772 | D:2      | Slain by an adder

Levels and vault maps discovered:
D:1:      dpeg_cavernosity, layout_loops_ring, minivault_19
D:2:      layout_loops_ring, first_ration

Skill      XL: |  1  2 |
---------------+-------+-----
Crossbows      | 3 4 |  4.8
Fighting       | |  1.1
Dodging        | |  2.4
Spellcasting   | |  1.1
Hexes          | |  3.0

Action                   || total
-------------------------++-------
Melee: Short sword       ||    74
 Fire: Hand crossbow     ||    33
Throw: Dart              ||    11
 Cast: Corona            ||    10
  Use: Scroll            ||     3
 Stab: Sleeping          ||     2
  Eat: Chunk             ||    11
Armor: Robe              ||     1
       Leather armour    ||    16
Dodge: Dodged            ||    61

Table legend:
 A = Non-vault XP
 B = Vault XP
 C = Vault XP percentage of total XP
 D = Non-vault monster count
 E = Vault monster count
 F = Vault count percentage of total count
                 A         B        C        D         E       F
            +---------+---------+-------+---------+---------+-------
      Total |      59 |       8 |  11.9 |      30 |       4 |  11.8
            +---------+---------+-------+---------+---------+-------
        D:1 |      42 |       8 |  16.0 |      21 |       4 |  16.0
        D:2 |      17 |       0 |   0.0 |       9 |       0 |   0.0
            +---------+---------+-------+---------+---------+-------
